Map: At Eternity's Edge LE

Players

RipNHammer

  • Race: Terran Terran
  • League: Master
  • Spawn Location: 5:00

Red - Winner!

  • Race: Terran Terran
  • League: Grandmaster
  • Spawn Location: 11:00

VOD

Have the link to the VOD?

Description

Time

  • Played on: Sept. 7, 2026, 3:51 p.m.
  • Length: 14:26
Show
View Real Time Build Order
Export as new Build Order

RipNHammer Terran 

Build Orders: Mech 

Get SALT Encoding   

  8  0:00  SCV  
  9  0:12  SCV  
  10  0:24  SCV  
  11  0:36  SCV  
  11  0:39  Supply Depot  
  12  0:49  SCV  
  13  1:02  SCV, Barracks  
  14  1:05  Refinery  
  14  1:14  SCV  
  14  1:18  Refinery  
  15  1:26  SCV  
  16  1:38  SCV  
  17  1:49  Reaper  
  17  1:50  Orbital Command  
  18  2:06  Factory  
  18  2:16  SCV  
  19  2:23  Barracks Reactor  
  19  2:26  Supply Depot  
  19  2:29  SCV  
  20  2:41  SCV  
  21  2:52  Command Center  
  21  2:56  SCV  
  22  3:01  Reaper x2  
  23  3:07  Hellion  
  23  3:09  SCV  
  26  3:14  Supply Depot  
  26  3:21  SCV  
  27  3:28  Hellion  
  28  3:42  SCV  
  28  3:44  Reaper x2  
  31  3:50  Starport  
  31  3:52  Hellion  
  31  3:54  SCV  
  34  4:03  Supply Depot  
  34  4:06  SCV  
  35  4:16  Hellion  
  37  4:20  Reaper x2, SCV  
  37  4:23  Refinery  
  40  4:24  Orbital Command  
  40  4:28  Starport Tech Lab  
  40  4:41  Factory Tech Lab  
  36  4:58  SCV  
  34  5:04  Raven, Cyclone, Marine  
  34  5:05  Marine  
  41  5:12  SCV x2  
  39  5:24  SCV x2  
  39  5:27  Marine x2  
  43  5:29  Command Center  
  43  5:30  Interference Matrix  
  43  5:36  SCV x2  
  43  5:37  Refinery  
  43  5:42  Raven  
  47  5:48  SCV x2  
  49  5:51  Siege Tank  
  52  5:57  Supply Depot  
  52  6:00  SCV  
  52  6:01  SCV  
  54  6:11  Marine x2  
  54  6:13  SCV x2  
  54  6:17  Supply Depot  
  58  6:22  Factory  
  58  6:25  Siege Tank  
  61  6:26  Raven, SCV x2  
  64  6:33  Marine x2  
  64  6:38  SCV  
  66  6:42  SCV, Orbital Command  
  66  6:43  Factory  
  66  6:50  SCV  
  66  6:54  SCV, Supply Depot  
  68  6:59  Siege Tank  
  73  7:01  Raven  
  73  7:02  SCV  
  74  7:14  Factory Tech Lab  
  74  7:21  Marine x2  
  76  7:26  SCV x3  
  76  7:27  Factory Tech Lab  
  79  7:31  Siege Tank  
  82  7:41  Siege Tank  
  85  7:44  Marine x2  
  85  7:46  Raven  
  85  7:47  SCV  
  90  7:52  Supply Depot  
  85  8:27  SCV x2  
  77  8:28  Orbital Command  
  77  8:43  Factory  
  77  8:45  Siege Tank x2, Cyclone  
  77  8:46  Mag-Field Accelerator  
  67  9:17  SCV x2  
  67  9:21  SCV  
  67  9:22  Cyclone  
  67  9:23  Siege Tank, Cyclone  
  78  9:29  SCV x2  
  80  9:33  SCV  
  81  9:38  Factory  
  81  9:41  Refinery, SCV  
  81  9:42  SCV  
  81  9:43  Refinery  
  81  9:45  SCV  
  84  9:46  Viking  
  84  9:50  Supply Depot  
  84  9:52  Refinery  
  86  9:53  Refinery  
  86  9:54  SCV x2, Siege Tank  
  86  9:56  Marine  
  92  10:05  Refinery  
  92  10:07  Command Center  
  92  10:10  Cyclone, Refinery  
  95  10:17  SCV x2  
  95  10:18  SCV  
  95  10:20  Command Center  
  98  10:26  Factory Reactor  
  98  10:27  Starport  
  98  10:29  Cyclone  
  98  10:30  Hellion  
  98  10:31  Hellion, SCV  
  98  10:34  SCV  
  98  10:35  SCV  
  108  10:39  Viking, Engineering Bay  
  110  10:43  SCV  
  110  10:45  Supply Depot, Viking  
  110  10:46  Supply Depot x2, Siege Tank  
  116  10:53  Cyclone  
  119  11:00  SCV, Cyclone  
  119  11:01  Infernal Pre-Igniter  
  123  11:07  Hellion x2  
  123  11:10  Armory, SCV x2  
  129  11:17  Starport Tech Lab, Viking  
  129  11:18  Viking  
  133  11:23  SCV  
  133  11:24  SCV x2  
  137  11:27  Orbital Command  
  137  11:30  Cyclone, Siege Tank, Hellion  
  144  11:35  SCV  
  144  11:41  SCV  
  144  11:49  Missile Turret  
  144  11:51  Missile Turret  
  144  11:52  Missile Turret  
  144  11:53  Missile Turret  
  144  11:54  Missile Turret, SCV x4  
  148  12:01  Sensor Tower  
  148  12:02  Missile Turret  
  148  12:05  Cyclone, Siege Tank, Hellion  
  148  12:06  Raven, SCV, Viking x2  
  163  12:10  Supply Depot  
  163  12:13  Missile Turret  
  163  12:19  SCV  
  163  12:22  Missile Turret  
  164  12:24  Armory, SCV x2, Cyclone, Hellion  
  164  12:25  Missile Turret  
  172  12:31  SCV  
  172  12:36  Viking, SCV x2  
  162  12:40  Cyclone, Siege Tank, Hellion  
  162  12:42  Cyclone  
  173  12:46  Hellion  
  173  12:50  Missile Turret  
  175  12:53  Missile Turret  
  175  12:54  Missile Turret  
  175  12:56  Siege Tank  
  178  13:02  Hellion  
  180  13:08  Hellion  
  180  13:11  Orbital Command  
  179  13:12  SCV  
  179  13:13  SCV  
  179  13:18  Sensor Tower  
  180  13:22  Missile Turret, SCV  
  180  13:30  SCV, Siege Tank, Cyclone  
  188  13:41  Hellion  
  188  13:44  Refinery  
  188  13:46  Missile Turret  
  188  13:57  Missile Turret  
  188  14:03  Supply Depot  
  188  14:04  Hellion  
  196  14:10  Command Center  
Show
View Real Time Build Order
Export as new Build Order

Red Terran - Winner!

Build Orders:  

Get SALT Encoding   

  8  0:00  SCV  
  9  0:12  SCV  
  10  0:25  SCV  
  10  0:28  Supply Depot  
  11  0:37  SCV  
  12  0:49  SCV  
  13  0:55  Barracks  
  13  1:01  SCV  
  14  1:09  Refinery  
  14  1:13  SCV  
  14  1:18  Refinery  
  15  1:25  SCV  
  16  1:41  Orbital Command  
  16  1:46  Reaper  
  17  2:05  Factory  
  17  2:08  SCV  
  18  2:20  SCV  
  19  2:23  Reaper, Supply Depot  
  20  2:33  SCV  
  21  2:45  SCV  
  21  2:49  Command Center  
  22  2:52  Factory Tech Lab  
  21  3:05  Barracks Reactor  
  21  3:06  SCV  
  21  3:11  Cyclone  
  25  3:15  Supply Depot  
  25  3:18  SCV  
  26  3:30  SCV  
  27  3:36  Starport  
  26  3:43  Marine x2  
  26  3:47  SCV  
  28  3:57  Factory Tech Lab  
  28  3:59  SCV  
  28  4:01  Marine x2  
  31  4:11  SCV  
  31  4:12  Orbital Command  
  32  4:21  Raven  
  32  4:23  SCV, Siege Tank  
  38  4:33  Marine  
  38  4:34  Marine  
  38  4:35  SCV  
  38  4:37  Refinery  
  38  4:38  SCV  
  35  5:04  Siege Tank  
  35  5:05  Marine x2  
  38  5:19  SCV  
  37  5:31  SCV x2  
  37  5:35  Raven  
  41  5:43  SCV  
  41  5:47  Supply Depot, Interference Matrix  
  41  5:49  SCV  
  43  5:55  SCV  
  45  6:00  Cyclone  
  45  6:01  SCV  
  48  6:07  SCV  
  48  6:10  Raven  
  51  6:13  SCV  
  51  6:14  Supply Depot  
  52  6:20  SCV  
  52  6:25  SCV  
  54  6:26  Marine  
  54  6:27  Marine  
  54  6:32  SCV  
  57  6:35  Supply Depot  
  57  6:36  Siege Tank  
  57  6:37  SCV  
  61  6:44  SCV  
  62  6:49  SCV  
  63  6:56  SCV  
  64  7:01  SCV  
  64  7:02  Viking  
  64  7:04  Viking  
  64  7:07  Stimpack  
  64  7:08  Command Center, SCV  
  70  7:13  SCV  
  71  7:18  Siege Tank  
  74  7:25  Barracks, Supply Depot  
  74  7:26  Barracks  
  74  7:31  Supply Depot  
  74  7:32  Refinery  
  74  7:34  SCV  
  74  7:47  Viking x2, SCV x2  
  74  7:49  Supply Depot  
  80  7:59  Siege Tank, SCV  
  84  8:08  SCV  
  84  8:09  Marine  
  84  8:11  SCV  
  87  8:12  Engineering Bay  
  87  8:13  Engineering Bay  
  81  8:24  Viking x2  
  68  8:27  Orbital Command, Marine  
  68  8:28  SCV x2  
  68  8:29  Barracks Reactor  
  68  8:30  Barracks Reactor  
  68  8:31  Siege Tank  
  74  8:40  SCV x2  
  76  8:52  SCV x2  
  76  8:54  Barracks  
  76  8:55  Barracks  
  68  9:02  SCV  
  68  9:04  SCV x2  
  56  9:14  SCV  
  56  9:16  SCV  
  56  9:17  SCV  
  55  9:21  Combat Shield  
  55  9:22  Marine x5  
  59  9:27  SCV  
  59  9:28  SCV  
  59  9:29  SCV  
  59  9:31  Siege Tank, Terran Infantry Weapons Level 1  
  65  9:32  Terran Infantry Armor Level 1  
  65  9:39  SCV  
  65  9:41  SCV x2  
  65  9:42  Barracks Reactor  
  65  9:43  Barracks Reactor  
  65  9:44  Medivac  
  70  9:47  Medivac  
  70  9:51  SCV  
  73  9:53  Barracks, SCV  
  73  9:54  Barracks  
  73  9:55  SCV  
  73  9:58  Barracks  
  75  10:00  Supply Depot  
  75  10:02  Marine x4, Supply Depot  
  79  10:07  Siege Tank  
  79  10:09  Marine  
  79  10:11  SCV x2  
  85  10:20  Marine x2  
  85  10:21  Marine x5  
  92  10:26  Supply Depot x2  
  92  10:29  Medivac x2  
  92  10:30  Marine, Armory  
  92  10:31  Marine  
  92  10:33  SCV  
  99  10:37  Marine  
  99  10:40  Refinery x2  
  100  10:43  Marine  
  100  10:44  Marine x5, Command Center  
  100  10:46  Factory  
  100  10:48  Barracks Reactor x2  
  106  10:50  Marine x2  
  106  10:54  Marine  
  106  10:55  Marine, SCV  
  106  10:56  SCV  
  112  11:01  Siege Tank, Marine  
  116  11:12  Marine  
  116  11:13  Marine x7  
  116  11:18  Medivac x2  
  128  11:23  SCV x3  
  128  11:24  Sensor Tower  
  131  11:26  Marine x5  
  131  11:27  Supply Depot x2  
  131  11:29  Marine  
  131  11:30  Marine  
  138  11:40  Barracks Reactor  
  138  11:47  Marine  
  138  11:48  Marine x10  
  138  11:49  Siege Tank x2  
  155  12:02  Marine x2  
  155  12:04  Supply Depot  
  155  12:05  Terran Infantry Weapons Level 2, Terran Infantry Armor Level 2, Marine x2  
  155  12:06  Supply Depot  
  159  12:18  Marine  
  159  12:19  Marine x10  
  170  12:27  Marine x4  
  174  12:36  Marine  
  174  12:37  Marine x2  
  172  12:40  Marine  
  172  12:41  Marine x7  
  172  12:42  Siege Tank  
  182  12:49  Marine x2, Siege Tank  
  177  13:12  Marine x11  
  188  13:40  Marine x5, Siege Tank  
  196  13:47  Command Center x2  
Tags
 
Composition
Mech
Matchup
TvT
Race
Terran
Replay Pack
RipNHammer
Spawn Locations
Cross Positions
Add a new tag
Caveats
  • Supply blocks, unpowered buildings, or Contaminate may cause inaccurate times.
  • Supply counts are checked every 10 seconds.